 Dungeon Crawl Stone Soup version 0.16.1 (webtiles) character file.

831 Meow the Skirmisher (level 7, -3/56 HPs)
             Began as a Merfolk Ice Elementalist on Mar 23, 2015.
             Slain by a killer bee (8 damage)
             ... on level 7 of the Dungeon on Mar 24, 2015.
             The game lasted 00:36:10 (5484 turns).

Meow the Skirmisher (Merfolk Ice Elementalist)      Turns: 5484, Time: 00:36:11

Health: -3/56      AC:  3    Str:  9    XL:     7   Next: 98%
Magic:  5/17       EV: 13    Int: 16    God:
Gold:   348        SH:  0    Dex: 14    Spells: 3 memorised, 8 levels left

rFire  . . .     SeeInvis .     D - +1 falchion
rCold  . . .     Clarity  +     j - +0 robe
rNeg   . . .     SustAb   .     (no shield)
rPois  .         Gourm    .     (no helmet)
rElec  .         Spirit   .     u - +0 cloak
rCorr  .         Warding  .     (no gloves)
rMut   .         Stasis   .     (no boots)
MR     .....                    r - amulet of clarity
Stlth  ++........               (no ring)
                                (no ring)

@: lethally poisoned (-3 -> -34), not resistant to hostile enchantments,
unstealthy
A: change form in water, swift swim
a: no special abilities


You were on level 7 of the Dungeon.
You were very hungry.

You visited 1 branch of the dungeon, and saw 7 of its levels.

You collected 348 gold pieces.

Inventory:

Hand weapons
 d - a +4 dagger
 D - a +1 falchion (weapon)
Armour
 j - a +0 robe (worn)
 u - a +0 cloak (worn)
Jewellery
 r - an amulet of clarity (around neck)
Magical devices
 i - a wand of teleportation (2)
 v - a wand of magic darts (40)
Scrolls
 a - 2 scrolls of remove curse
 e - a scroll of blinking {unknown}
 g - a scroll of immolation
 h - a scroll of enchant weapon
 l - a scroll of teleportation {unknown}
 n - a scroll of fear {unknown}
 p - a scroll of fog {unknown}
 q - 9 scrolls of identify
Potions
 m - a potion of berserk rage {unknown}
Books
 b - a book of Frost

   Spells                             Type                      Level
   a - Freeze                         Ice                          1
   b - Throw Frost                    Conjuration/Ice              2
   c - Ozocubu's Armour               Charms/Ice                   3
   d - Throw Icicle                   Conjuration/Ice              4
   e - Summon Ice Beast               Ice/Summoning                4
   f - Condensation Shield            Ice                          4
Comestibles
 c - 3 bread rations
 k - a slice of pizza
 o - a meat ration
 t - a beef jerky
 x - 11 fruits


   Skills:
 + Level 5.5 Fighting
 - Level 2.6 Dodging
 - Level 2.1 Stealth
 - Level 4.0 Spellcasting
 + Level 3.3 Conjurations
 - Level 5.3 Ice Magic


You had 8 spell levels left.
You knew the following spells:

 Your Spells              Type           Power        Failure   Level  Hunger
a - Freeze                Ice            ###.         1%          1    None
b - Throw Frost           Conj/Ice       ###...       6%          2    ##.....
d - Ozocubu's Armour      Chrm/Ice       ##......     17%         3    ###....


Dungeon Overview and Level Annotations

Branches:
Dungeon (7/15)
 Temple: D:4-7

Altars:
Cheibriados
Fedhas
Gozag
Qazlal
Yredelemnul
Zin


Message History

Aim: a killer bee (heavily wounded)
The puff of frost misses the killer bee.
You feel sick. The killer bee completely misses you. The killer bee stings you!
The killer bee stings you.
You are lethally poisoned!
The killer bee poisons you! The killer bee stings you.
* * * LOW HITPOINT WARNING * * *
Casting: Throw Frost
Confirm with . or Enter, or press ? or * to list all spells.
Aiming: Throw Frost
Press: ? - help, Shift-Dir - straight line, f/p - killer bee
Aim: a killer bee (heavily wounded)
The puff of frost misses the killer bee.
* * * LOW HITPOINT WARNING * * *
You feel sick. The killer bee stings you!
* * * LOW HITPOINT WARNING * * *
You are more poisoned.
The killer bee poisons you! The killer bee completely misses you.
The killer bee stings you!
You die...

#...... ###########'##+
#..............
#..............
+..............
#..............
#.###+#####........####
+.........#........+...
#....y@...'........#...
#....y##..#........#...
#..... ########....#...
#..... #....#... #.....
#....#..# #.....
#....#..# ..... ...
+... .... #... . #..#


You could see 2 killer bees.

Vanquished Creatures
  Edmund (D:5)
  A giant frog (D:6)
  4 scorpions
  A giant frog zombie (D:5)
  A hound (D:6)
  A jelly (D:7)
  An iguana (D:5)
  5 worker ants
  A hound zombie (D:7)
  A worker ant zombie (D:5)
  4 adders
  4 worms (D:2)
  2 giant geckos
  10 orcs
  3 ball pythons
  A bat skeleton (D:6)
  7 giant cockroaches
  17 goblins
  8 hobgoblins
  21 jackals
  2 quokkas (D:3)
  18 bats
  5 giant newts
  A jackal skeleton (D:6)
  5 kobolds
  13 rats
138 creatures vanquished.

Notes
Turn   | Place    | Note
--------------------------------------------------------------
     0 | D:1      | Meow, the Merfolk Ice Elementalist, began the quest for the Orb.
     0 | D:1      | Reached XP level 1. HP: 13/13 MP: 3/3
   259 | D:1      | Reached XP level 2. HP: 18/20 MP: 2/4
   263 | D:1      | Learned a level 2 spell: Throw Frost
   640 | D:1      | Reached XP level 3. HP: 25/25 MP: 1/6
   645 | D:1      | Learned a level 3 spell: Ozocubu's Armour
   803 | D:1      | Reached skill level 4 in Ice Magic
  1125 | D:2      | Reached skill level 1 in Fighting
  1335 | D:2      | Found a stormy altar of Qazlal.
  1387 | D:2      | Found a snail-covered altar of Cheibriados.
  1408 | D:2      | Reached XP level 4. HP: 28/32 MP: 0/8
  2369 | D:3      | Found an opulent altar of Gozag.
  2458 | D:3      | Reached XP level 5. HP: 38/38 MP: 7/11
  2920 | D:4      | Reached skill level 5 in Ice Magic
  2920 | D:4      | Reached XP level 6. HP: 37/46 MP: 0/13
  3485 | D:5      | Entered Level 5 of the Dungeon
  3621 | D:5      | Found a blossoming altar of Fedhas.
  4106 | D:5      | Reached skill level 1 in Conjurations
  4193 | D:5      | Noticed Edmund
  4206 | D:5      | Killed Edmund
  4206 | D:5      | Reached XP level 7. HP: 32/54 MP: 4/17
  4551 | D:6      | Gained mutation: Your muscles are strong. (Str +2) [potion of mutation]
  4551 | D:6      | Gained mutation: Your system is resistant to poisons. [potion of mutation]
  4685 | D:6      | Reached skill level 5 in Fighting
  4909 | D:6      | Found a glowing silver altar of Zin.
  4909 | D:6      | Found a basalt altar of Yredelemnul.
  4987 | D:6      | Noticed a fire elemental
  4989 | D:6      | Found a stormy altar of Qazlal.
  4992 | D:6      | Noticed an air elemental
  4992 | D:6      | Noticed a water elemental
  5250 | D:7      | Lost mutation: Your muscles are strong. (Str +2) [potion of cure mutation]
  5250 | D:7      | Lost mutation: Your system is resistant to poisons. [potion of cure mutation]
  5484 | D:7      | Slain by a killer bee

Action                   |  1- 3 |  4- 6 |  7- 9 || total
-------------------------+-------+-------+-------++-------
Melee: Dagger            |     5 |       |       ||     5
       Rapier            |       |    10 |       ||    10
       Falchion          |       |    30 |     9 ||    39
       Unarmed           |       |       |    28 ||    28
 Cast: Freeze            |    61 |   168 |    40 ||   269
       Throw Frost       |     3 |     1 |    11 ||    15
       Ozocubu's Armour  |       |     4 |     4 ||     8
  Use: Scroll            |       |     7 |       ||     7
       Potion            |       |     1 |     7 ||     8
  Eat: Chunk             |     2 |     9 |     4 ||    15
